 Dungeon Crawl Stone Soup version 0.28-a0-895-g6e5f11bd55 (webtiles) character file.

Game seed: 15588988101725184934

18249 Strat the Grappler (level 12, 0/123 HPs)
             Began as a Troll Brigand on Nov 22, 2021.
             Was a High Priest of Elyvilon.
             Slain by a rakshasa (2 damage)
             ... on level 8 of the Dungeon.
             The game lasted 00:27:24 (11133 turns).

Strat the Grappler (Troll Brigand)                 Turns: 11133, Time: 00:27:25

Health: 0/123      AC: 13    Str: 22    XL:     12   Next: 26%
Magic:  15/15      EV: 10    Int:  7    God:    Elyvilon [*****.]
Gold:   264        SH:  0    Dex: 15    Spells: 10/11 levels left

rFire   . . .      SeeInvis .     - Unarmed
rCold   . . .      Faith    .   (no shield)
rNeg    . . .      Spirit   .   G - quicksilver dragon scales
rPois   .          Reflect  .   (helmet restricted)
rElec   .          Harm     .   c - +1 cloak
rCorr   .          Rampage  .   (gloves unavailable)
Will    ++...                   (boots unavailable)
Stlth   +.........              y - amulet of regeneration
HPRegen 2.30/turn               E - ring of willpower
MPRegen 0.14/turn               (no ring)

@: no status effects
A: large, unfitting armour, claws 3, regeneration 1, shaggy fur 1, tough skin 1
a: Renounce Religion, Purification, Heal Other, Heal Self, Divine Vigour


You were on level 8 of the Dungeon.
You worshipped Elyvilon.
Elyvilon was extremely pleased with you.
You visited 3 branches of the dungeon, and saw 13 of its levels.
You also visited: Sewer.

You collected 984 gold pieces.
You spent 720 gold pieces at shops.

Inventory:

Hand Weapons
 b - a +3 short sword of electrocution
 v - a +4 eveningstar
Missiles
 d - 75 poisoned darts (quivered)
 e - 4 curare-tipped darts
 j - 294 stones
 s - 6 atropa-tipped darts
 w - 3 throwing nets
 B - 10 javelins
Armour
 c - a +1 cloak (worn)
 q - a +0 robe
 C - a +2 tower shield of cold resistance
 G - quicksilver dragon scales (worn)
Jewellery
 l - a ring of ice
 t - an amulet of guardian spirit
 y - an amulet of regeneration (around neck)
 E - a ring of willpower (left claw)
Wands
 z - a wand of mindburst (18)
 D - a wand of polymorph (11)
 F - a wand of digging (4)
Scrolls
 m - 3 scrolls of magic mapping
 u - a scroll of fog {unknown}
 x - a scroll of blinking
 A - a scroll of identify
Potions
 a - 2 potions of curing
 f - 2 potions of resistance {unknown}
 g - a potion of haste
 h - a potion of magic
 i - 3 potions of attraction {unknown}
 k - a potion of cancellation {unknown}
 n - a potion of might {unknown}
 o - 2 potions of mutation
 p - 5 potions of heal wounds {unknown}
 r - a potion of brilliance


   Skills:
 + Level 9.0 Fighting
 - Level 1.5 Short Blades
 - Level 3.0 Throwing
 + Level 2.0 Armour
 - Level 4.0 Dodging
 - Level 2.1 Stealth
 + Level 4.2 Shields
 - Level 14.0 Unarmed Combat
 - Level 6.0 Invocations


You had 10 spell levels left.
You knew the following spells:

 Your Spells              Type           Power      Damage    Failure   Level
a - Animate Skeleton      Necr           0%         N/A       58%         1

Your spell library contained the following spells:

 Spells                   Type           Power      Damage    Failure   Level
 Foxfire                  Conj/Fire      0%         2x1d4     58%         1
 Magic Dart               Conj           0%         1d3       58%         1
 Pain                     Necr           0%         1d4       58%         1
 Searing Ray              Conj           0%         2d4       75%         2
 Conjure Flame            Conj/Fire      0%         6-21      92%         3
 Inner Flame              Hex/Fire       0%         N/A       92%         3
 Vampiric Draining        Necr           0%         2d6       92%         3
 Flame Wave               Conj/Fire      0%         3d3       100%        4
 Fulminant Prism          Conj/Hex       0%         3d6       100%        4
 Petrify                  Tmut/Erth      0%         N/A       100%        4
 Borgnjor's Revivificati  Necr           0%         N/A       100%        8


Dungeon Overview and Level Annotations

Branches:
Dungeon (10/15)            Temple (1/1) D:6            Lair (2/6) D:8
  Snake (0/4) Lair:2          Orc (0/2) D:9           Sewer (visited)
  Swamp: Lair:2-4    Shoals: Lair:2-4

Altars:
Ashenzari
Cheibriados
Dithmenos
Elyvilon
Fedhas
Gozag
Hepliaklqana
Kikubaaqudgha
Makhleb
Nemelex Xobeh
Okawaru
Qazlal
Ru
Sif Muna
Trog
Uskayaw
Vehumet
Wu Jian
Xom
Yredelemnul
Zin
The Shining One

Shops:
D:2 ?   D:7 [   D:8 !   D:10 (

Annotations:
D:10 3 runed translucent doors
Lair:1 orbtoucher's ghost, journeyman OpVM
Lair:2 Maggie


Innate Abilities, Weirdness & Mutations

You are too large for most types of armour.
You have claws for hands.
Your natural rate of healing is unusually fast.
You are covered in fur. (AC +1)
You have tough skin. (AC +1)


Message History

The rakshasa gestures at you. The lance of force hits you!!
* * * LOW HITPOINT WARNING * * *
You are knocked back by the lance of force.
You slam into the stone wall!
* * * LOW HITPOINT WARNING * * *
The rakshasa hits you from afar with a +0 vorpal trident!
* * * LOW HITPOINT WARNING * * *
x2
Things that are here:
a +0 chain mail; a +0 battleaxe The rakshasa hits you with a +0 vorpal trident.
* * * LOW HITPOINT WARNING * * *
x2
There is an open door, spattered with blood here.
You scratch the rakshasa but do no damage.
The rakshasa closely misses you.
You barely miss the rakshasa.
You scratch the rakshasa but do no damage.
The rakshasa hits you with a +0 vorpal trident!
* * * LOW HITPOINT WARNING * * *
x2 You closely miss the rakshasa.
The rakshasa misses you.
You scratch the rakshasa but do no damage.
The rakshasa closely misses you.
You completely miss the rakshasa. You claw the rakshasa!
Your claw misses the rakshasa.
The rakshasa is moderately wounded.
The rakshasa hits you but does no damage.
You scratch the rakshasa but do no damage.
The rakshasa is moderately wounded.
The rakshasa completely misses you.
You miss the rakshasa.
The rakshasa is moderately wounded.
The rakshasa gestures at you. The lance of force hits you!
* * * LOW HITPOINT WARNING * * *
You are knocked back by the lance of force.
You slam into the stone wall!
* * * LOW HITPOINT WARNING * * *
The rakshasa hits you from afar with a +0 vorpal trident!
* * * LOW HITPOINT WARNING * * *
You die...

##.# #.#####....##.# ...#
#.##.....P....# ..##
#....PP.PP.P#.# ..##
#..PP...PP....## ...#
##).P.P..PP..P..# ...#
#.PP.P.P.PP.P...# ...#
##.P.P.####P.....#
...######..PP..#)>#......#
##[.....>.PP..R'@.#..P...#
..########..P..####.P.P.##
#.## #..PP.....P.P..#
...## ##P.P.P..P..P.##
###.#######.P....P...P.# #
#......###PP..P.P...##
###)####.# ###P.....###
...## #.# ###.#### #.##
#.#######.#


You could see a rakshasa.

Vanquished Creatures
  Harold (D:7)
  A two-headed ogre (D:10)
  Urug (D:10)
  Pikel (D:4)
  5 elephants (Lair:2)
  4 black mambas
  An unseen horror (D:10)
  2 cane toads (Lair:2)
  A troll (D:10)
  2 shadows (D:9)
  A wraith (D:9)
  16 yaks
  2 wyverns
  A basilisk (Lair:2)
  5 vampire mosquitoes
  Menkaure (D:4)
  14 water moccasins
  A two-headed ogre zombie (D:9)
  3 orc warriors
  6 necrophages
  3 ice beasts
  3 black bears
  4 wolves (Lair:2)
  2 ogres
  4 centaurs
  A lemure (D:4)
  8 kobold brigands
  Blork the orc (D:5)
  6 bullfrogs
  A wyvern zombie (D:7)
  A gnoll sergeant (D:8)
  2 scorpions
  4 troll zombies (D:9)
  A water moccasin skeleton (D:6)
  6 killer bees
  12 wights
  An electric eel (Lair:1)
  A crimson imp (D:10)
  A lava snake (D:8)
  5 centaur zombies
  3 hounds
  A centaur skeleton (D:7)
  An orc priest (D:5)
  Crazy Yiuf (D:3)
  A bullfrog skeleton (D:6)
  A scorpion zombie (D:5)
  9 orc wizards
  An iguana (D:6)
  3 killer bee zombies (D:7)
  3 ogre zombies (D:9)
  Robin (D:4)
  11 adders
  A river rat (Sewer)
  A shadow imp (D:7)
  4 white imps
  An adder skeleton (D:2)
  9 worms
  22 orcs
  14 ball pythons
  12 endoplasms
  6 giant cockroaches
  17 goblins
  19 hobgoblins
  7 jackals
  A quokka (D:7)
  7 bats
  5 frilled lizards
  2 goblin skeletons (D:9)
  6 goblin zombies (D:9)
  A hobgoblin skeleton (D:9)
  4 hobgoblin zombies (D:9)
  32 kobolds
  4 orc skeletons (D:9)
  8 orc zombies (D:9)
  8 rats
  A bush (D:7)
364 creatures vanquished.

Vanquished Creatures (others)
  13 fungi
  34 plants
  4 toadstools (D:1)
51 creatures vanquished.

Grand Total: 415 creatures vanquished

Notes
Turn   | Place    | Note
-------+----------+-------------------------------------------
     0 | D:1      | Strat the Troll Brigand began the quest for the Orb.
     0 | D:1      | Reached XP level 1. HP: 19/19 MP: 0/0
   158 | D:1      | Got the Handbook of Mutagenic Darkness
   169 | D:1      | Reached skill level 1 in Unarmed Combat
   317 | D:1      | Reached XP level 2. HP: 27/27 MP: 1/1
   446 | D:1      | Reached skill level 2 in Unarmed Combat
  1166 | D:2      | Reached XP level 3. HP: 33/33 MP: 2/2
  1275 | D:2      | Reached skill level 3 in Unarmed Combat
  1312 | D:2      | Found Hiurchi Jeeb's Magic Scroll Emporium.
  1575 | D:2      | Reached XP level 4. HP: 41/41 MP: 3/3
  1950 | D:3      | Reached skill level 4 in Unarmed Combat
  1981 | D:3      | Found an opulent altar of Gozag.
  2055 | D:3      | Found a runed translucent door.
  2071 | D:3      | Noticed Crazy Yiuf
  2096 | D:3      | Killed Crazy Yiuf
  2312 | D:4      | Noticed a black bear
  2316 | D:4      | Killed a black bear
  2317 | D:4      | Reached skill level 5 in Unarmed Combat
  2317 | D:4      | Reached XP level 5. HP: 48/48 MP: 4/4
  2323 | D:4      | Noticed Robin
  2402 | D:4      | Noticed Menkaure
  2411 | D:4      | Killed Menkaure
  2412 | D:4      | Reached skill level 6 in Unarmed Combat
  2412 | D:4      | Reached XP level 6. HP: 47/55 MP: 5/5
  2530 | D:4      | Noticed Pikel
  2571 | D:4      | Killed Pikel
  2572 | D:4      | Reached skill level 8 in Unarmed Combat
  2572 | D:4      | Reached XP level 7. HP: 48/62 MP: 6/6
  2730 | D:4      | Found an ancient bone altar of Kikubaaqudgha.
  2730 | D:4      | Found a faded altar of an unknown god.
  2738 | D:4      | Found a radiant altar of Vehumet.
  2740 | D:4      | Found a bloodstained altar of Trog.
  2742 | D:4      | Found a faded altar of an unknown god.
  2855 | D:4      | Killed Robin
  2886 | D:4      | Found a glowing drain.
  2907 | Sewer    | Entered a sewer
  3141 | Sewer    | Reached XP level 8. HP: 65/70 MP: 7/7
  3193 | Sewer    | Reached skill level 9 in Unarmed Combat
  3829 | D:5      | Entered Level 5 of the Dungeon
  3913 | D:5      | Reached skill level 10 in Unarmed Combat
  4304 | D:5      | Noticed Blork the orc
  4319 | D:5      | Killed Blork the orc
  4675 | D:5      | Learned a level 1 spell: Animate Skeleton
  4778 | D:6      | Found a staircase to the Ecumenical Temple.
  4784 | Temple   | Entered the Ecumenical Temple
  4917 | Temple   | Became a worshipper of Elyvilon the Healer
  4964 | D:6      | Reached XP level 9. HP: 69/83 MP: 8/8
  5077 | D:6      | Found a sparkling altar of Nemelex Xobeh.
  5077 | D:6      | Found a snail-covered altar of Cheibriados.
  5114 | D:6      | Found a hide-covered altar of Uskayaw.
  5410 | D:7      | Reached skill level 11 in Unarmed Combat
  5430 | D:7      | Reached * piety under Elyvilon
  5512 | D:7      | Noticed Harold
  5524 | D:7      | Killed Harold
  5525 | D:7      | Reached skill level 12 in Unarmed Combat
  5608 | D:7      | Found Ishilo's Armour Emporium.
  5647 | D:7      | Found a sacrificial altar of Ru.
  5959 | D:7      | Found a blossoming altar of Fedhas.
  6293 | D:7      | Reached skill level 13 in Unarmed Combat
  6371 | D:8      | Reached XP level 10. HP: 92/92 MP: 9/9
  6378 | D:8      | Reached ** piety under Elyvilon
  6424 | D:8      | Found Gef Zifa's Distillery.
  6643 | D:8      | Noticed a rakshasa
  6693 | D:8      | Paralysed by an orc for 7 turns
  6915 | D:8      | Reached skill level 1 in Dodging
  7083 | D:8      | Found a staircase to the Lair.
  7331 | D:9      | Reached skill level 14 in Unarmed Combat
  7456 | D:9      | Found a staircase to the Orcish Mines.
  7524 | D:9      | Reached skill level 5 in Fighting
  7707 | D:9      | Reached *** piety under Elyvilon
  8402 | D:10     | Entered Level 10 of the Dungeon
  8408 | D:10     | Found Kiekhluaff's Weapon Shoppe.
  8413 | D:10     | HP: 1/99 [troll (10)]
  8534 | D:10     | Reached XP level 11. HP: 107/107 MP: 10/10
  8576 | D:10     | Noticed Urug
  8588 | D:10     | Killed Urug
  8589 | D:10     | Reached skill level 1 in Invocations
  8832 | D:10     | Reached **** piety under Elyvilon
  9183 | D:10     | Found a runed translucent gate.
  9184 | D:10     | Found a runed translucent gate.
  9184 | D:10     | Found a runed translucent gate.
  9184 | D:10     | Noticed a glowing orange brain
  9185 | D:10     | Noticed a cyan ugly thing
  9186 | D:10     | Noticed a cyan ugly thing
  9204 | D:10     | Noticed a two-headed ogre
  9225 | D:10     | Killed a two-headed ogre
  9256 | D:10     | Noticed a white ugly thing
  9256 | D:10     | Noticed a cyan ugly thing
  9591 | D:7      | Bought quicksilver dragon scales for 720 gold pieces
  9602 | D:7      | Identified a scroll of acquirement
  9602 | D:7      | Acquired a +2 tower shield of cold resistance
  9805 | Lair:1   | Entered Level 1 of the Lair of Beasts
  9844 | Lair:1   | Noticed a seven-headed hydra
  9935 | Lair:1   | HP: 1/111 [seven-headed hydra (11)]
  9987 | Lair:1   | Noticed a six-headed hydra
  9994 | Lair:1   | Noticed orbtoucher's ghost (journeyman OpVM)
  9995 | Lair:1   | Noticed a minotaur
 10017 | Lair:1   | Pacified a six-headed hydra
 10018 | Lair:1   | Reached skill level 1 in Shields
 10107 | Lair:1   | Reached skill level 5 in Invocations
 10436 | Lair:2   | Reached ***** piety under Elyvilon
 10555 | Lair:2   | Reached XP level 12. HP: 76/122 MP: 15/15
 10707 | Lair:2   | Found a staircase to the Snake Pit.
 10844 | Lair:2   | Reached skill level 1 in Armour
 11028 | Lair:2   | Noticed Maggie
 11133 | D:8      | HP: 2/123 [rakshasa (9)]
 11133 | D:8      | Slain by a rakshasa

Illustrated notes

Levels and vault maps discovered:
D:1:      nicolae_arrival_somewhat_less_tricky_arrival, layout_basic,
          minmay_gold_behind_fungi
D:2:      cheibrodos_greedy_goblins, layout_basic, serial_shops, shop
D:3:      layout_rooms, grunt_gozag_statues, st_stairs_6,
          uniq_crazy_yiuf_cottage
D:4:      layout_loops_ring, chequers_temple_overflow_minitemple,
          portal_sewer_entry_c, uniq_pikel, uniq_menkaure, uniq_robin
D:5:      corexii_shack_village, layout_basic, uniq_blork_the_orc
D:6:      layout_basic, nicolae_uskayaw_dance_studio,
          mainiacjoe_overflow_divided_tiny, minmay_temple_entry_ruins,
          minmay_statues_item
D:7:      layout_basic, fedhas_altar_decomposition,
          nicolae_ru_great_annihilating_truth, serial_shops, shop, uniq_harold
D:8:      kennysheep_blocky_room, layout_loops_ring,
          grunt_lair_entry_orc_guard_hut, serial_shops, shop, kennysheep_path_1
D:9:      layout_irregular_city, zombieorc2_lemuel,
          chequers_serial_rivers_micro_a, corexii_checkpoint_b
D:10:     layout_roguey, ploomutoo_gammafunk_ghost_potion_laboratory,
          serial_shops, nicolae_shop_hallway_stairs,
          minmay_misc_feat_nine_boxes, columned_hall_lemuel,
          minmay_fire_ice_demons, uniq_urug
Temple:   cyrus_circular_temple
Lair:1:   wander_river, layout_loops_ring, maelrawn_ghost_gauntlet_escape,
          infiniplex_staircase_pool
Lair:2:   layout_gridlike, minmay_snake_entry_six_corridors,
          nicolae_lair_lil_pond, st_stairs_4, uniq_maggie

Skill      XL: |  1  2  3  4  5  6  7  8  9 10 11 12 |
---------------+-------------------------------------+-----
Unarmed Combat | 1 2 3 5 6 8 10 13 14 | 14.0
Throwing       | 2 3 |  3.0
Fighting       | 3 4 6 8 9 |  9.0
Dodging        | 4 |  4.0
Invocations    | 5 6 |  6.0
Shields        | 3 4 |  4.2
Armour         | 2 |  2.0
Short Blades   | |  1.5
Stealth        | |  2.1

Action                   |  1- 3 |  4- 6 |  7- 9 | 10-12 || total
-------------------------+-------+-------+-------+-------++-------
Melee: Dagger            |   184 |    27 |       |       ||   211
       Unarmed           |       |    64 |   331 |   516 ||   911
       Punch             |       |     2 |    13 |    34 ||    49
       Short sword       |       |       |       |     3 ||     3
Throw: Dart              |       |     4 |       |     5 ||     9
Invok: Heal Self         |       |       |       |     2 ||     2
       Heal Other        |       |       |       |     1 ||     1
Evoke: Wand              |       |       |       |    17 ||    17
  Use: Scroll            |       |     5 |     7 |    12 ||    24
       Potion            |       |       |       |     7 ||     7
 Stab: Sleeping          |     3 |     1 |    12 |     3 ||    19
       Paralysed         |       |       |     1 |       ||     1
Armor: Robe              |    86 |    16 |   102 |    91 ||   295
       Quicksilver drago |       |       |       |   109 ||   109
Dodge: Dodged            |    85 |    46 |   102 |   257 ||   490

Table legend: (Time is in decaauts)
 A = Elapsed time spent in this place.
 B = Non-inter-level travel time spent in this place.
 C = Inter-level travel time spent in this place.
 D = Time resting spent in this place.
 E = Time spent auto-exploring this place.
 F = Levels seen in this place.
 G = Mean time per level.
                   A        B        C        D        E       F      G
               +--------+--------+--------+--------+--------+-----+--------+
         Total |  11093 |  10634 |    459 |    706 |   6720 |  14 |  792.4 |
       Dungeon |   8965 |   8516 |    449 |    610 |   5635 |  10 |  896.5 |
        Temple |    144 |    134 |     10 |      0 |      0 |   1 |  144.0 |
          Lair |   1238 |   1238 |      0 |     77 |    618 |   2 |  619.0 |
         Sewer |    744 |    744 |      0 |     18 |    466 |   1 |  744.0 |
               +--------+--------+--------+--------+--------+-----+--------+

Top non-repeatable levels by time:
     D:8: 1151 daAuts
     D:1: 1150 daAuts
     D:9: 1094 daAuts
    D:10: 1087 daAuts
     D:7: 1019 daAuts
     D:4: 960 daAuts
     D:5: 818 daAuts
   Sewer: 744 daAuts
     D:2: 704 daAuts
  Lair:2: 636 daAuts
  Lair:1: 601 daAuts
     D:6: 539 daAuts
     D:3: 439 daAuts
  Temple: 144 daAuts
